 Dungeon Crawl Stone Soup version 0.29.1-1-gd02db6906a (webtiles) character file.

Game seed: 12024569258804191041

165 EvilAshe the Slasher (level 5, -3/42 HPs)
             Began as a Human Fighter on Sept 26, 2022.
             Was an Initiate of the Shining One.
             Slain by a gnoll
             ... wielding a +0 flail
              (8 damage)
             ... on level 3 of the Dungeon.
             The game lasted 00:05:59 (3343 turns).

EvilAshe the Slasher (Human Fighter)                Turns: 3343, Time: 00:05:59

Health: -3/42      AC:  9    Str: 19    XL:     5   Next: 74%
Magic:  5/5        EV:  9    Int:  8    God:    the Shining One [......]
Gold:   235        SH:  4    Dex: 12    Spells: 4/4 levels left

rFire   . . .      SeeInvis .   a - +0 long sword
rCold   . . .      Faith    .   c - +0 buckler
rNeg    . . .      Spirit   .   b - +0 scale mail
rPois   .          Reflect  .   (no helmet)
rElec   .          Harm     .   (no cloak)
rCorr   .          Rampage  .   (no gloves)
Will    .....                   o - +1 pair of boots
Stlth   ..........              (no amulet)
HPRegen 0.14/turn               (no ring)
MPRegen 0.09/turn               (no ring)

@: glowing
A: no striking features
a: Renounce Religion


You were on level 3 of the Dungeon.
You worshipped the Shining One.
The Shining One was noncommittal.
You visited 1 branch of the dungeon, and saw 4 of its levels.

You collected 235 gold pieces.

Inventory:

Hand Weapons
 a - a +0 long sword (weapon)
Missiles
 f - 48 stones (quivered)
 i - 6 poisoned darts
Armour
 b - a +0 scale mail (worn)
 c - a +0 buckler (worn)
 o - a +1 pair of boots (worn)
Jewellery
 g - a +4 ring of evasion
Scrolls
 l - a scroll of magic mapping {unknown}
 m - a scroll of butterflies
 p - a scroll of teleportation {unknown}
 r - a scroll of enchant weapon {unknown}
 u - a scroll of identify
Potions
 d - a potion of ambrosia {unknown}
 e - 3 potions of attraction
 h - a potion of curing {unknown}
 j - a potion of haste {unknown}
 k - a potion of lignification {unknown}
 n - a potion of resistance {unknown}
 q - a potion of heal wounds {unknown}
 s - a potion of invisibility {unknown}
 t - a potion of flight {unknown}


   Skills:
 + Level 3.9 Fighting
 * Level 4.1 Long Blades
 + Level 3.9 Armour
 - Level 3.0 Shields


You had 4 spell levels left.
You didn't know any spells.
Your spell library contained the following spells:

 Spells                   Type           Power      Damage    Failure   Level
 Slow                     Hex            0%         N/A       86%         1
 Confusing Touch          Hex            0%         N/A       99%         3
 Ozocubu's Armour         Ice            0%         N/A       99%         3
 Vampiric Draining        Necr           0%         2d6       99%         3
 Ozocubu's Refrigeration  Ice            0%         4d7       100%        7


Dungeon Overview and Level Annotations

Branches:
Dungeon (4/15)
 Temple: D:4-7

Altars:
The Shining One


Message History

You hit the gnoll but do no damage. The gnoll barely misses you.
You block the gnoll's attack.
The gnoll shouts!
You hit the gnoll.
The gnoll is lightly wounded.
The gnoll hits you with a +0 whip. The gnoll closely misses you.
The gnoll attacks as you move away! The gnoll hits you with a +0 whip.
You hit the gnoll.
The gnoll is heavily wounded.
The gnoll hits you with a +0 whip.
You hit the gnoll.
The gnoll is heavily wounded.
The gnoll misses you.
You barely miss the gnoll.
The gnoll is heavily wounded.
The gnoll hits you with a +0 whip. The gnoll barely misses you.
You barely miss the gnoll.
The gnoll is heavily wounded.
The gnoll barely misses you.
You hit the gnoll.
The gnoll is severely wounded.
The gnoll hits you but does no damage.
You slash the gnoll!
You kill the gnoll!
You barely miss the gnoll. The gnoll barely misses you.
The gnoll hits you with a +0 flail.
You barely miss the gnoll. You block the gnoll's attack.
You hit the gnoll.
The gnoll is moderately wounded.
The gnoll hits you with a +0 flail!
* * * LOW HITPOINT WARNING * * *
You hit the gnoll.
The gnoll is heavily wounded.
The gnoll hits you with a +0 flail!
* * * LOW HITPOINT WARNING * * *
You barely miss the gnoll.
The gnoll is heavily wounded.
The gnoll hits you with a +0 flail!
You die...

.....#####...###...####..## #..
.....######...##.## #..# ##..
..##..............# ###..# #...
..#######.........###....# #.#.
....# #.........##..##.#####.#.
...#####............###..##...#.
....
..............######.##.###.
..####.....###.#.#........##.#
##
.......#.......#@...####..##.# #
.......#.......g###.# #.....####
g..............g.##.# ##......##
...............$.##.# ###...#...
####..#..........##.. #.....####
g. .............### #.#...# #
..# #............# # #.#...# #
#..# ..#...>....#..###.#)#...#
...........................#####


You could see 2 gnolls.

Vanquished Creatures
  A hound (D:4)
  2 gnolls
  4 adders
  A shadow imp (D:4)
  2 dart slugs
  7 bats
  7 endoplasms
  3 giant cockroaches
  6 goblins
  2 hobgoblins (D:1)
  3 jackals (D:1)
  3 quokkas
  7 ball pythons
  2 frilled lizards
  10 kobolds
  6 rats
66 creatures vanquished.

Notes
Turn   | Place    | Note
-------+----------+-------------------------------------------
     0 | D:1      | EvilAshe the Human Fighter began the quest for the Orb.
     0 | D:1      | Reached XP level 1. HP: 18/18 MP: 1/1
   115 | D:1      | Reached XP level 2. HP: 23/24 MP: 2/2
   535 | D:1      | Reached XP level 3. HP: 29/29 MP: 3/3
   828 | D:1      | Reached skill level 3 in Long Blades
   851 | D:1      | Found a faded altar of an unknown god.
  1469 | D:2      | You fall into a shaft and drop 2 floors!
  1502 | D:4      | Found a glowing golden altar of the Shining One.
  1508 | D:4      | Became a worshipper of the Shining One
  1555 | D:4      | Reached XP level 4. HP: 17/35 MP: 4/4
  1865 | D:4      | Reached XP level 5. HP: 40/41 MP: 5/5
  1903 | D:4      | Noticed a lemure
  1903 | D:4      | Noticed a lemure
  1903 | D:4      | Noticed a lemure
  3077 | D:2      | Reached skill level 4 in Long Blades
  3343 | D:3      | Slain by a gnoll

Illustrated notes

Levels and vault maps discovered:
D:1:      wander_arrival_chamber, layout_loops_corners,
          dreamdust_ecumenical_altar_angels_and_demons
D:2:      layout_loops_corners
D:3:      layout_rooms
D:4:      layout_loops_corners, mainiacjoe_overflow_tiny_flanked, uniq_sigmund,
          uniq_pikel, uniq_menkaure

Skill      XL: |  1  2  3  4  5 |
---------------+----------------+-----
Long Blades    | 3 4 |  4.1
Fighting       | |  3.9
Armour         | |  3.9
Shields        | |  3.0

Action                   |  1- 3 |  4- 6 || total
-------------------------+-------+-------++-------
Melee: Long sword        |   123 |   103 ||   226
Throw: Stone             |       |     4 ||     4
  Use: Potion            |     1 |       ||     1
       Scroll            |       |     3 ||     3
Armor: Scale mail        |    61 |    46 ||   107
Dodge: Dodged            |    58 |    65 ||   123
Block: Buckler           |    28 |    23 ||    51
